[Event "Azerbaijan-ch 1st League 2025"]
[Site "Baku"]
[Date "2025.01.10"]
[Round "5.9"]
[White "Hajialiyev, Islam"]
[Black "Salimov, Shovkat"]
[Result "1/2-1/2"]
[Annotator "TA"]
[ECO "B22"]
[WhiteElo "2217"]
[BlackElo "1977"]
[PlyCount "269"]
[EventDate "2025.01.05"]
[EventType "swiss"]
[EventCountry "AZE"]
[SourceTitle "playchess.com"]
[Source "ChessBase"]
[SourceQuality "1"]
[TimeControl "40/5400+30:1800+30"]

1. e4 c5 2. c3 Nf6 3. e5 Nd5 4. d4 cxd4 5. Nf3 Nc6 6. cxd4 d6 7. Bc4 e6 8. O-O Be7 9. Qe2 O-O 10. Rd1 Qc7 11. Nc3 Nxc3 12. bxc3 dxe5 13. dxe5 b6 14. Bf4 Bb7 15. Bd3 Rfd8 16. Rd2 Rd5 17. Rad1 (17. Nd4 $5) 17... Rad8 18. h4 g6 19. Be4 Rxd2 20. Rxd2 Rxd2 21. Qxd2 Qd8 22. Qe3 (22. Qc2 $11 {keeps the balance.}) 22... Qd1+ $1 $17 (22... Bxh4 $2 23. Nxh4 Qxh4 24. Bg5 $18) 23. Kh2 Bc5 $1 24. Qd2 Qxd2 25. Nxd2 Bxf2 26. g3 b5 27. Bf3 Bc5 28. Ne4 Be7 29. Nf6+ Kg7 30. Ne8+ Kf8 31. Nf6 Kg7 {[%emt 0:00:17] Dodges Bh6+} (31... Bxf6 {simplifies} 32. Bxc6 Bxc6 33. exf6 Bd5) 32. Ne8+ Kf8 33. Nf6 $1 Bxf6 $1 34. exf6 $15 {[%emt 0:00:01][%mdl 4096] Endgame KBB-KBN. Black is a pawn up.} Na5 35. Be2 a6 36. Bc7 Nc6 37. g4 Ke8 38. g5 Kd7 39. Bf4 e5 40. Be3 Bc8 (40... Kd6 $17 41. Bb6 Bc8) 41. Bc5 $1 Kc7 42. Kg3 (42. c4 $1 $15) 42... Be6 $17 43. a3 Nd8 44. Kf2 Nb7 45. Bf8 Nd6 46. Bf3 Nf5 47. h5 Kb6 48. hxg6 hxg6 49. Ke1 Ne3 50. Ke2 Nd5 (50... Nc4 $17 51. Bb4 Kc7) 51. Kd2 ({White should try} 51. Bxd5 $15 Bxd5 52. Bd6) 51... Kc6 (51... Kc7 52. Bc5 Nb6) 52. a4 Bf5 (52... bxa4 $2 53. c4 $18) 53. axb5+ axb5 54. Bxd5+ Kxd5 $15 {[%emt 0:00:05] KB-KB. Black is a pawn up.} 55. Ke3 Bb1 56. Bb4 (56. Kd2 $142) 56... Ke6 $1 $17 57. Ba5 $2 (57. Bf8 $17) 57... Kf5 $19 58. Bc7 e4 (58... Kxg5 59. Bxe5 Kf5 60. Bd4 $15) 59. Bf4 Bd3 60. Bc7 Kxg5 61. Bd8 Kf5 (61... Kg4 $142 62. Bb6 g5) 62. Be7 g5 63. Bd8 Kg4 64. Kf2 Kh3 65. Bc7 g4 66. Be5 Bc4 67. Bf4 Kh4 (67... Bb3 $142 68. Ke3 Bd5) 68. Bg3+ Kg5 69. Be5 Kf5 70. Bd4 Ke6 71. Ke3 Kd5 72. Ba7 Bf1 73. Kd2 Bg2 74. Ke3 Bf3 75. Bb6 $2 (75. Bb8) 75... Kc4 76. Kd2 g3 77. Bc7 g2 78. Bb6 Kd5 $2 (78... b4 79. cxb4 Kxb4) 79. Ke1 $2 (79. Bg1) 79... Ke6 $2 (79... Kd6 80. Ba7 Ke5 81. Bd4+ Ke6) 80. Bd4 Kd5 $2 (80... Bh5 $19 {and ...Kd5 would now be decisive} 81. Kd2 Kf5) 81. Ba7 $2 (81. Bb6 $11 Ke6 82. Bd4) 81... Kc4 82. Kd2 Kd5 $2 (82... b4 83. cxb4 Kxb4) 83. Ke1 $1 Ke6 84. Bd4 $1 {[%emt 0:00:07] [#]} g1=B 85. Bxg1 $17 Kxf6 86. Bd4+ $2 {[%emt 0:02:15][%mdl 8192] [#]} (86. Kf2 $17) 86... Kf5 $2 (86... Kg5 $1 $19 {is more deadly.} 87. Kd2 f5) 87. Kf2 Kf4 88. Ba7 Ke5 89. Ke3 Kd5 90. Bd4 f5 91. Bg7 Kc4 92. Be5 Bg4 93. Kd2 Bh5 94. Ke3 Bg6 95. Kd2 Bh7 96. Bf4 Kd5 97. Ke3 Bg8 98. Kd2 Kc4 99. Be3 Bf7 100. Bf4 Bh5 101. Be3 Bg4 102. Bf4 Kd5 103. Ke3 Ke6 104. Bg3 Kf6 105. Bh4+ Kg6 106. Kf4 Kh5 107. Bf2 Kg6 108. Bh4 $1 Bh3 109. Bg3 Kf7 110. Ke3 Ke6 111. Bf4 Kd5 112. Kd2 Kc4 113. Be3 Kd5 114. Bf4 Bg4 115. Ke3 Kc4 116. Kd2 $1 Kb3 117. Be3 Bd1 118. Bf4 Bc2 119. Be3 Bd3 120. Bf4 Kc4 121. Be3 Bb1 122. Bf4 Kd5 123. Ke3 Ke6 124. Kd2 Kf6 125. Ke3 Kg6 126. Kf2 Kh5 127. Kg3 Bd3 128. Be3 Kg6 129. Bf4 Kf6 130. Kf2 Ke6 131. Ke3 Kd5 132. Kd2 Bb1 ({Black should try} 132... Bf1 $17 133. Ke3 Bh3) 133. Bg5 Ke5 134. Ke3 Bc2 135. Bf4+ 1/2-1/2

[Event "Azerbaijan-ch 1st League 2025"]
[Site "Baku"]
[Date "2025.01.10"]
[Round "5.10"]
[White "Musayev, Eldar"]
[Black "Isfandiyarli, Kamal"]
[Result "1/2-1/2"]
[Annotator "TA"]
[ECO "C13"]
[WhiteElo "2163"]
[BlackElo "2027"]
[PlyCount "87"]
[EventDate "2025.01.05"]
[EventType "swiss"]
[EventCountry "AZE"]
[SourceTitle "playchess.com"]
[Source "ChessBase"]
[SourceQuality "1"]
[TimeControl "40/5400+30:1800+30"]

1. Nf3 d5 2. d4 Nf6 3. Nc3 e6 4. Bg5 Be7 5. Bxf6 Bxf6 6. e4 dxe4 7. Nxe4 Nd7 8. c3 b6 9. Bd3 Bb7 10. Qe2 Be7 11. O-O-O Nf6 (11... O-O $11) 12. Rhe1 {[%emt 0:06:14] White is more active.} O-O 13. Ne5 Nxe4 14. Bxe4 Bxe4 15. Qxe4 Bd6 16. Re3 Bxe5 17. dxe5 Qe7 18. Red3 Rad8 19. g3 h6 20. Qc6 Rxd3 21. Rxd3 $11 {[%emt 0:00:02][%mdl 4096] Endgame KQR-KQR} Rd8 $1 {[%emt 0:00:32] Wards off Rd7} 22. Kc2 Rxd3 23. Kxd3 {[%emt 0:00:02] KQ-KQ} Qd8+ 24. Kc2 a5 25. f4 Kf8 26. a4 Ke7 27. b4 Qd7 28. Qxd7+ Kxd7 {[%emt 0:00:02] KP-KP} 29. Kd3 c5 30. Kc4 {[%emt 0:01:32] aiming for bxa5.} Kc6 31. g4 g6 32. h4 cxb4 33. cxb4 h5 34. gxh5 gxh5 35. bxa5 bxa5 36. Kd4 Kb6 37. Kc4 Kc6 38. Kd4 Kb6 39. f5 Kc6 (39... exf5 $5 40. Ke3 $8 Kc5 $16) 40. fxe6 (40. f6 $5) 40... fxe6 41. Kc4 Kb6 42. Kd4 Kc6 43. Kc4 Kb6 44. Kd4 1/2-1/2

[Event "Azerbaijan-ch 1st League 2025"]
[Site "Baku"]
[Date "2025.01.10"]
[Round "5.11"]
[White "Alizada, Pasham"]
[Black "Rzayev, Chingiz"]
[Result "1-0"]
[Annotator "TA"]
[ECO "B01"]
[WhiteElo "2117"]
[BlackElo "2153"]
[PlyCount "75"]
[EventDate "2025.01.05"]
[EventType "swiss"]
[EventCountry "AZE"]
[SourceTitle "playchess.com"]
[Source "ChessBase"]
[SourceQuality "1"]
[TimeControl "40/5400+30:1800+30"]

1. e4 d5 2. exd5 Nf6 3. Nf3 Qxd5 4. Nc3 Qa5 5. d4 Bg4 6. h3 Bh5 7. Bd2 c6 8. Ne4 Qc7 9. Nxf6+ exf6 (9... gxf6 $11 10. Be2 Nd7) 10. Qe2+ $16 Be7 (10... Qe7 $14 {deserves consideration.}) 11. Bb4 {[%emt 0:02:14] White is more active.} (11. g4 $16 Bg6 12. O-O-O) 11... Bxf3 $11 12. gxf3 {[%emt 0:00:13] [#]} O-O $1 13. Qxe7 Qxe7+ 14. Bxe7 Re8 15. Kd2 Rxe7 16. Bd3 Nd7 17. Rhe1 Rae8 18. Rxe7 Rxe7 {[%emt 1:24:03][%mdl 4096] Endgame KRB-KRN} 19. b4 g6 20. a4 Nf8 21. Bc4 g5 22. Rb1 Ng6 23. b5 $1 cxb5 24. Rxb5 Nf4 25. Bf1 Rd7 26. c3 Re7 (26... Kg7 $11) 27. d5 (27. c4 $14) 27... Kg7 28. Bd3 a6 {[%emt 0:00:00][%cal Ba7a6,Ba6b5][%mdl 32] Dodges c4} 29. Rc5 $1 Re1 30. c4 $16 Ra1 31. Rc7 b5 (31... f5 $16 {was necessary.}) 32. axb5 axb5 33. d6 Nxd3 $4 (33... Ra2+ $16 34. Bc2 bxc4) 34. d7 $18 (34. Kxd3 Rd1+ 35. Ke2 Rxd6 $14) 34... Nb2 35. Kc2 Rd1 36. c5 ({And not} 36. Kxb2 bxc4 37. Kc3 Kg6 $15) 36... Kf8 37. c6 Ke7 38. Kxb2 (38. Rc8 Rxd7 39. cxd7 Kxd7 $18) 1-0

[Event "Azerbaijan-ch 1st League 2025"]
[Site "Baku"]
[Date "2025.01.10"]
[Round "5.12"]
[White "Halafov, Ilgar"]
[Black "Isbatov, Kanan"]
[Result "0-1"]
[Annotator "TA"]
[ECO "A48"]
[WhiteElo "1990"]
[BlackElo "1882"]
[PlyCount "66"]
[EventDate "2025.01.05"]
[EventType "swiss"]
[EventCountry "AZE"]
[SourceTitle "playchess.com"]
[Source "ChessBase"]
[SourceQuality "1"]
[TimeControl "40/5400+30:1800+30"]

1. d4 Nf6 2. Nf3 g6 3. Bf4 Bg7 4. e3 O-O 5. h3 d6 6. Be2 Nbd7 7. O-O b6 8. Nbd2 Bb7 9. c3 Qe8 10. a4 a5 11. Qc2 e5 12. dxe5 dxe5 13. Bh2 Rd8 14. Rfd1 Nd5 15. Bc4 Nc5 16. Nb3 Nxa4 (16... Qe7 $1 $11 {keeps the balance.}) 17. e4 $16 Nf6 18. Rxd8 (18. Nxe5 Rxd1+ (18... Nxe4 $2 19. Rxd8 Qxd8 20. Nxf7 $18) 19. Rxd1 Bxe4 $11) 18... Qxd8 19. Rxa4 Bxe4 {[%emt 0:00:02] [#]} (19... Nxe4 $16 20. Bxe5 (20. Nxe5 Qe8 $16) 20... Bxe5) 20. Qe2 $1 $18 c6 (20... Bxf3 {was necessary.} 21. Qxf3 e4) 21. Ra1 $2 (21. Bxe5 b5 $16) (21. Nxe5 $18 {and the rest is easy. Nd4 would now be deadly.} Bd5 22. Bxd5 Nxd5 23. Qf3 (23. Nxc6 Qd7 $18)) 21... b5 $16 22. Rd1 Qe8 23. Nxe5 bxc4 24. Qxc4 (24. Nxa5 $16 Bd5 (24... Bd3 25. Qe1 $16) 25. Qe3 (25. Naxc4 Nd7 $16)) 24... Bd5 $11 {[%emt 0:00:44] This pair of bishops is nice.} 25. Qa4 $1 Ne4 26. Nf3 {[%emt 0:01:44] [#]} (26. Ng4 $11) 26... Bxc3 $1 $17 27. bxc3 Nxc3 28. Qa1 Nxd1 ({Stronger than} 28... Bxb3 29. Re1 Ne2+ 30. Kh1 $14 (30. Kf1 Qe7 $16)) 29. Qxd1 a4 $36 {[%emt 0:00:37][%mdl 2048] Keeping White busy.} 30. Na1 (30. Nbd4 $17) 30... Qe4 ({Don't play} 30... Bxf3 31. gxf3 a3 32. Kg2) 31. Be5 a3 32. Qc1 (32. Bc3 $142) 32... a2 $19 {[%emt 0:02:01] and ...Qb1 would now be decisive} 33. Qh6 f6 0-1

[Event "Azerbaijan-ch 1st League 2025"]
[Site "Baku"]
[Date "2025.01.10"]
[Round "5.13"]
[White "Kazimzade, Mahammad"]
[Black "Idrisov, Tabriz"]
[Result "0-1"]
[Annotator "TA"]
[ECO "B72"]
[WhiteElo "1743"]
[BlackElo "2073"]
[PlyCount "66"]
[EventDate "2025.01.05"]
[EventType "swiss"]
[EventCountry "AZE"]
[SourceTitle "playchess.com"]
[Source "ChessBase"]
[SourceQuality "1"]
[TimeControl "40/5400+30:1800+30"]

1. e4 g6 2. d4 Bg7 3. Nc3 c5 4. Be3 Nc6 5. Nf3 cxd4 6. Nxd4 d6 7. Bc4 Nf6 8. O-O Ng4 9. Nxc6 bxc6 10. Bf4 Qb6 11. Rb1 O-O 12. h3 Ne5 13. Bb3 a5 14. Be3 Qa6 15. Bd4 c5 16. Be3 Ra7 (16... a4 $15 17. Bxa4 Nc4) 17. Qc1 Bd7 18. a3 Nc6 19. Bh6 Nd4 20. Bxg7 Kxg7 21. Ba2 Be6 {[%emt 0:01:49] Black is much more active.} (21... Ba4 $15 22. b3 Bd7) 22. Bd5 Bc8 ({Better is} 22... Bxd5 $15 23. exd5 Qc8) 23. Qd2 e6 (23... Bxh3 $5 24. f4 Bd7 $15) 24. Ba2 f5 (24... Qc6 {was preferable.}) 25. b4 (25. a4 $5) 25... axb4 26. axb4 f4 27. bxc5 (27. b5 $11 Qb6 28. Bc4) 27... dxc5 $17 28. f3 Rd7 29. Qd3 Qa5 {[%emt 0:00:30][%cal Oc5c4] and ...c4! would now be decisive} 30. Kf2 $2 (30. Ra1 $17 {is tougher.} c4 31. Bxc4 (31. Qxc4 $2 {is the wrong capture.} Ba6 $19) 31... Nxf3+ 32. Qxf3 Qc5+ 33. Qf2 Qxc4 34. Qe1) 30... Nc6 $19 31. Qc4 Rd4 32. Qb5 Qxc3 33. Qxc6 Qe3# 0-1

[Event "Azerbaijan-ch 1st League 2025"]
[Site "Baku"]
[Date "2025.01.10"]
[Round "5.14"]
[White "Garakhanov, Shamsi"]
[Black "Huseynov, Ahmed"]
[Result "0-1"]
[Annotator "TA"]
[ECO "B03"]
[WhiteElo "2022"]
[BlackElo "1996"]
[PlyCount "68"]
[EventDate "2025.01.05"]
[EventType "swiss"]
[EventCountry "AZE"]
[SourceTitle "playchess.com"]
[Source "ChessBase"]
[SourceQuality "1"]
[TimeControl "40/5400+30:1800+30"]

1. e4 Nf6 2. e5 Nd5 3. d4 d6 4. c4 Nb6 5. f4 dxe5 6. fxe5 Bf5 7. Nc3 Nc6 8. Be3 e6 9. Nf3 Qd7 10. Be2 O-O-O 11. h3 ({Better is} 11. O-O $14) 11... f6 $11 12. O-O fxe5 13. d5 ({White should play} 13. dxe5 $11 Qxd1 14. Nxd1) 13... exd5 $15 {[%emt 0:04:47] [#] Strongly threatening ...d4. Black is slightly better.} 14. Bxb6 axb6 (14... d4 $1 $15 15. Nxe5 Nxe5 16. Bxd4 Nc6 (16... Qxd4+ 17. Qxd4 Rxd4 18. Rxf5 $11)) 15. Nxd5 $2 {[%emt 0:00:00][%mdl 8192] Black keeps a firm grip on the game.} (15. cxd5 $11 {and White is okay.} Bc5+ 16. Kh1) 15... Bc5+ 16. Kh1 e4 17. Nh2 {[%emt 0:00:00][%cal Of1f5] [#] Rxf5! would now be deadly.} Kb8 18. Bg4 g6 19. Bxf5 gxf5 20. Qh5 Rdf8 21. Rad1 Qe6 22. b3 Bd6 23. Nf4 Qe7 24. Rd5 Ne5 25. Rdd1 Ng6 26. g3 (26. Nxg6 $142 hxg6 27. Qxg6) 26... Nxf4 $19 27. gxf4 Rhg8 28. Rde1 Qf6 29. Re2 Rg6 30. Rg2 Rxg2 31. Kxg2 {[%emt 0:00:00] White is weak on the dark squares} Rg8+ 32. Kh1 Qb2 {[%emt 0:00:43][%csl Gg8][%cal Rb2g2] Black mates.} 33. Rg1 Rxg1+ 34. Kxg1 Bc5+ {[%emt 0:00:12] Weighted Error Value: White=1.03/Black=0.09 (flawless) .  Loses game:     	White=1     	---        Mistake:       	White=2     	Black=1      Inaccurate:     	White=1     	---        OK:         	White=6     	Black=7      Best:        	---       	Black=2} 0-1

[Event "Azerbaijan-ch 1st League 2025"]
[Site "Baku"]
[Date "2025.01.10"]
[Round "5.15"]
[White "Allajov, Ramil"]
[Black "Safarli, Ramzi"]
[Result "1-0"]
[Annotator "TA"]
[ECO "B28"]
[WhiteElo "2079"]
[BlackElo "1792"]
[PlyCount "105"]
[EventDate "2025.01.05"]
[EventType "swiss"]
[EventCountry "AZE"]
[SourceTitle "playchess.com"]
[Source "ChessBase"]
[SourceQuality "1"]
[TimeControl "40/5400+30:1800+30"]

1. e4 c5 2. Nf3 a6 3. g3 g6 4. Bg2 Bg7 5. O-O Nc6 6. c3 Nf6 (6... e5 $11) 7. e5 $1 $14 Nd5 8. d4 cxd4 $1 9. cxd4 d6 10. Qb3 e6 (10... dxe5 $11 11. Ng5 e6 (11... Nxd4 12. Qxd5 Qxd5 13. Bxd5 $11) 12. dxe5 O-O) 11. exd6 Qxd6 12. Nc3 O-O 13. Nxd5 Qxd5 14. Qxd5 exd5 15. Be3 Bg4 16. Rfd1 Rfe8 17. h3 Bf5 18. Ne1 Be4 19. Bf1 Rac8 20. Rac1 Na7 21. Rxc8 Nxc8 22. Bf4 h6 23. Bc7 g5 24. Ng2 Ne7 (24... Na7 $5) 25. Ba5 Nf5 26. Bc3 Bf3 27. Rd3 Be4 28. Rd2 Bf3 29. g4 Nd6 30. Rd3 Be4 31. Re3 f5 32. f3 f4 (32... Bb1 $1 $15) 33. fxe4 fxe3 34. e5 Nc4 (34... Ne4 $14) 35. Bxc4 $16 dxc4 36. Nxe3 {[%emt 0:00:06][%mdl 4096] Endgame KRB-KBN} b5 37. Kf2 {[%emt 0:00:19][%mdl 1024] White has strong compensation.} Bf8 38. a3 Rd8 {[%emt 0:00:49] [#]} (38... Ra8 $16) 39. Nc2 $2 (39. Nf5 $1 $18) 39... Kf7 (39... Rd7 $1 $14) 40. Ke3 h5 $2 (40... Ra8 {was called for.} 41. d5 Bc5+ 42. Bd4 Rc8 43. e6+ Ke8 (43... Ke7 $2 44. Bxc5+ Rxc5 45. Kd4 $18)) 41. Ke4 $18 hxg4 42. hxg4 Kg6 43. d5 Re8 44. e6 Rd8 (44... Be7 $142 45. Nb4 Rf8) 45. Nd4 Bd6 46. Nf5 {[%emt 0:00:13] Nxd6 is the strong threat.} Bf4 47. Be5 Bxe5 48. Kxe5 {[%emt 0:00:04] KR-KN} Rh8 49. d6 Rh2 50. d7 Re2+ 51. Kd5 Rxb2 52. d8=Q Rd2+ 53. Nd4 1-0

[Event "Azerbaijan-ch 1st League 2025"]
[Site "Baku"]
[Date "2025.01.10"]
[Round "5.16"]
[White "Baghirov, Mahammad"]
[Black "Baghirov, Orkhan"]
[Result "1-0"]
[Annotator "TA"]
[ECO "C00"]
[WhiteElo "1932"]
[BlackElo "1989"]
[PlyCount "141"]
[EventDate "2025.01.05"]
[EventType "swiss"]
[EventCountry "AZE"]
[SourceTitle "playchess.com"]
[Source "ChessBase"]
[SourceQuality "1"]
[TimeControl "40/5400+30:1800+30"]

1. e4 e6 2. g3 d5 3. Nc3 Nf6 4. Bg2 dxe4 5. Nxe4 Nxe4 6. Bxe4 Nd7 7. Ne2 Nf6 8. Bg2 e5 9. O-O Bc5 10. d3 O-O 11. Be3 Bxe3 12. fxe3 Ng4 13. Rf3 Be6 14. Nc3 Qe7 15. h3 Nf6 16. e4 Rad8 17. Qd2 Qb4 18. Qc1 Rd6 19. a3 Qb6+ 20. Kh1 c6 21. Rb1 Bc8 22. Qe3 Qa5 23. Rbf1 Ne8 24. Qf2 Qc7 25. Kg1 b6 26. Nd1 Rh6 27. g4 $1 Qe7 28. Ne3 g6 (28... Rd6 $11) 29. Qd2 Qh4 $2 (29... Rh4 $14) 30. Nc4 $18 (30. Qc3 Qg5 31. Nc4 (31. Qxc6 Be6 $16) 31... Be6 32. Nxe5 c5 $18) 30... Be6 31. Nxe5 c5 32. R3f2 Kg7 33. Nf3 Qe7 34. Ng5 f6 35. Nf3 Nc7 36. Qf4 Bc8 37. Nd2 $2 (37. Ng5 $18 {and White stays clearly on top.}) 37... Ne6 38. Qg3 g5 39. Nc4 Nf4 {[%emt 0:00:00] [#]} 40. h4 Qd7 41. Ne3 Qd4 42. h5 ({White should try} 42. c3 $1 $16 Qe5 43. Rxf4 gxf4 44. Rxf4) 42... Qe5 ({Black should try} 42... Qxb2 $14 43. Nd5 Nxd5 44. exd5 Qd4) 43. Qh2 (43. Nd5 $2 Ne2+ (43... Qxb2 $2 44. Nxf4 gxf4 45. Qxf4 $18) 44. Rxe2 Qxg3 $19) (43. Rxf4 $1 $16 {Strongly threatening R4f3.} gxf4 44. Qxf4) 43... f5 $2 (43... Qxb2 $11 {and Black is okay.} 44. Rxf4 gxf4 45. Qxf4 Qe5) 44. Nd5 $2 (44. gxf5 $2 Rxh5 $19) (44. Nxf5+ Bxf5 45. Rxf4 (45. gxf5 $2 Rxh5 $19) (45. exf5 Rxf5 46. b3 Rf8 $11) 45... gxf4 46. exf5 Qd4+ (46... Qxb2 47. g5 $18) 47. Kh1 (47. Rf2 Re8 $16) 47... Rhf6) (44. Rxf4 $18 gxf4 45. gxf5) 44... fxg4 $11 (44... Qxb2 $2 45. Nxf4 (45. exf5 Nxd5 46. Bxd5 Qd4 $18) 45... gxf4 46. Qxf4 $18) 45. Nxf4 gxf4 46. Rxf4 Rxh5 (46... Qxh5 $2 47. Qxh5 Rxh5 48. Rxf8 $18) 47. Qg3 $1 (47. Qxh5 Qxh5 48. Rxf8 Be6 $17) 47... Rg5 48. c3 $1 Rxf4 (48... Ba6 $1 $11 49. Qxg4 Rxf4 (49... Bxd3 $2 50. Qd7+ Kg6 51. Rxf8 $18) 50. Qxf4 Qxf4 (50... Bxd3 $2 51. Qf8+ Kg6 52. Qf7+ Kh6 53. Rf6+ Rg6 54. Qf8+ Kg5 55. Rf5+ $18) 51. Rxf4 Bxd3) 49. Rxf4 $14 h5 50. Qe3 $1 h4 (50... Qe7 $1 $14) 51. d4 $16 Qe7 (51... Qe8 $16) 52. e5 $18 h3 $2 (52... Bf5 {might work better.} 53. Qf2 g3) 53. Rf6 (53. Be4 $142) 53... Rg6 54. Rxg6+ $2 ({Only move:} 54. Bd5 $1 $18) 54... Kxg6 {[%emt 0:00:01][%cal Bg7g6,Bg6f5,Bf5e5][%mdl 4128] Endgame KQB-KQB} 55. Be4+ Bf5 56. Kh2 Qh4 {[%emt 0:01:36][%cal Og4g3] aiming for ...g3+!.} 57. Bxf5+ Kxf5 $11 {[%emt 0:00:01] KQ-KQ} 58. d5 g3+ $2 59. Qxg3 $18 Qxg3+ $2 (59... Qc4 60. d6 (60. Qxh3+ Kxe5 61. Qe6+ Kf4 $16) (60. Kxh3 Qxd5 61. Qg4+ Kxe5 $11) 60... Qd5) 60. Kxg3 Kxe5 {[%emt 0:00:06] [#] KP-KP} 61. c4 $1 b5 {[%emt 0:01:50][%cal Bb6b5,Bb5b4][%mdl 32] [#]} 62. b3 $1 a5 63. a4 b4 64. Kxh3 Kd4 65. d6 Kc3 66. d7 Kxb3 67. d8=Q (67. d8=B $2 {loses.} Kxc4 (67... Kxa4 $2 68. Bg5 $19) 68. Kg4 b3 (68... Kb3 $2 69. Kf5 $19) 69. Bxa5 b2 $19) 67... Kxa4 68. Qb6 Kb3 69. Qxa5 Kxc4 70. Kg3 b3 71. Qa3 1-0

[Event "Azerbaijan-ch 1st League 2025"]
[Site "Baku"]
[Date "2025.01.10"]
[Round "5.17"]
[White "Azimov, Yasin"]
[Black "Gulumov, Muthat"]
[Result "1/2-1/2"]
[Annotator "TA"]
[ECO "E05"]
[WhiteElo "1880"]
[BlackElo "2054"]
[PlyCount "75"]
[EventDate "2025.01.05"]
[EventType "swiss"]
[EventCountry "AZE"]
[SourceTitle "playchess.com"]
[Source "ChessBase"]
[SourceQuality "1"]
[TimeControl "40/5400+30:1800+30"]

1. d4 Nf6 2. c4 e6 3. Nf3 d5 4. g3 Be7 5. Bg2 O-O 6. O-O dxc4 7. Qc2 b6 8. Qxc4 Ba6 9. Qc2 Bb7 {[%emt 0:00:16] White has an edge.} 10. Nc3 Nc6 11. a3 Na5 12. Rd1 Qc8 13. e4 c5 14. dxc5 (14. d5 {simplifies} exd5 15. Nxd5 Nxd5 16. exd5 Bf6 17. Bd2) 14... Qxc5 15. b4 Bxe4 16. Qb2 Qh5 17. Nxe4 Nxe4 18. Qe5 Qxe5 19. Nxe5 Nb3 20. Bxe4 {[%emt 0:07:54] This pair of bishops is nice.} Nxa1 {[%emt 0:00:08] [#]} 21. Bxa8 (21. Bb2 $1 $16 Rad8 (21... Nb3 $2 22. Bxa8 Rxa8 23. Rd3 $18) 22. Rxa1) 21... Rxa8 $11 22. Rd7 Bf6 23. Nxf7 Nc2 24. Bg5 Rf8 25. Bxf6 Rxf7 {[%emt 0:00:59][%mdl 4096] Endgame. KRB-KRN} 26. Rd8+ Rf8 27. Rxf8+ Kxf8 {[%emt 0:00:04] KB-KN} 28. Bb2 Ne1 (28... Ke7 $1 $11) 29. b5 (29. Kf1 $14 Nf3 30. Ke2) 29... g6 30. Kf1 Nd3 31. Bc3 {[%emt 0:01:23] [#] aiming for Ke2.} Ke7 32. Ke2 Nc5 33. Be5 Nd7 34. f4 ({Better is} 34. Bc7 $14) 34... Nxe5 {[%emt 0:06:26] The position is equal.} 35. fxe5 Kf7 36. Ke3 Kg7 {[%emt 0:00:09] ...Kh6 would now be deadly.} 37. g4 g5 38. Ke4 {[%emt 0:22:35] Weighted Error Value: White=0.15 (very precise) /Black=0.13 (very precise) .  Mistake:       	White=3     	Black=1      Inaccurate:     	White=2     	Black=5      OK:         	White=11    	Black=11     Best:        	White=3     	Black=2} 1/2-1/2

[Event "Azerbaijan-ch 1st League 2025"]
[Site "Baku"]
[Date "2025.01.11"]
[Round "6.1"]
[White "Aslanov, Umid"]
[Black "Atakishiyev, Elmar"]
[Result "1/2-1/2"]
[Annotator "RC"]
[ECO "B86"]
[WhiteElo "2250"]
[BlackElo "2408"]
[PlyCount "61"]
[EventDate "2025.01.05"]
[EventType "swiss"]
[EventCountry "AZE"]
[SourceTitle "playchess.com"]
[Source "ChessBase"]
[SourceQuality "1"]
[TimeControl "40/5400+30:1800+30"]

1. e4 c5 2. Nf3 d6 3. d4 cxd4 4. Nxd4 Nf6 5. Nc3 a6 6. Bc4 e6 7. Bb3 Nbd7 8. f4 Nc5 9. e5 dxe5 10. fxe5 Nxb3 11. axb3 Bc5 12. Nxe6 Bxe6 13. Qxd8+ Rxd8 14. exf6 gxf6 15. Ne4 Bd4 16. c3 Bd5 17. cxd4 Bxe4 18. O-O Rg8 19. g3 Rxd4 20. Rxf6 Ke7 21. Rf1 Rd3 22. b4 Rb3 23. Ra5 Ke6 24. Bf4 f5 25. Re5+ Kf6 26. b5 Rxb5 27. Rxb5 axb5 28. Rd1 Re8 29. Rd6+ Re6 30. Rxe6+ Kxe6 31. b4 1/2-1/2

[Event "Azerbaijan-ch 1st League 2025"]
[Site "Baku"]
[Date "2025.01.11"]
[Round "6.2"]
[White "Ibrahimli, Murad"]
[Black "Hamidov, Allahverdi"]
[Result "1/2-1/2"]
[Annotator "TA"]
[ECO "D35"]
[WhiteElo "2415"]
[BlackElo "2200"]
[PlyCount "125"]
[EventDate "2025.01.05"]
[EventType "swiss"]
[EventCountry "AZE"]
[SourceTitle "playchess.com"]
[Source "ChessBase"]
[SourceQuality "1"]
[TimeControl "40/5400+30:1800+30"]

1. d4 d5 2. c4 e6 3. Nc3 Nf6 4. cxd5 exd5 5. Bg5 c6 6. e3 h6 7. Bh4 Be7 8. Bd3 O-O 9. Nge2 Re8 10. O-O Nbd7 11. a4 Ne4 12. Bxe7 Qxe7 13. Bxe4 dxe4 14. a5 Nf6 15. Qc2 Bf5 16. Nf4 Rad8 17. Rfd1 h5 18. Nfe2 h4 {[%emt 0:02:10] White should prevent ...h3.} 19. h3 Rd6 20. Qb3 Red8 21. Qa3 Qd7 22. Kh2 Qc7 23. Kg1 Qd7 24. Kf1 Bxh3 25. gxh3 Qxh3+ 26. Ke1 Qf3 27. Kd2 {[%emt 0:01:37] Rh1 is the strong threat.} h3 (27... Qxf2 $2 28. Rf1 Qg2 29. Rg1 $18) (27... Ng4 $1 $11) 28. Rh1 $1 $16 Ng4 (28... Qxf2 $2 29. Rxh3 Qf5 30. Rah1 $18) 29. Raf1 $1 h2 (29... Nxf2 $2 30. Rh2 $18) 30. Qc5 f5 (30... b6 $16 31. axb6 axb6 32. Qxb6 R8d7) 31. Qc4+ (31. Qxa7 $18 R6d7 32. Kc2) 31... Kh7 32. Ng3 (32. Qf7 $16) 32... Rh6 $2 (32... R8d7 $1 $14) 33. Qe2 $2 (33. Qf7 $18) 33... g6 34. Kc1 Kg7 (34... Qxe2 {simplifies} 35. Ngxe2 Kg7 36. Ng3 b6) 35. Nb1 (35. Qe1 $14) 35... f4 (35... Qxe2 $1 $11 36. Nxe2 Rd5) 36. Qxf3 exf3 37. exf4 (37. Ne4 $1 $14) 37... Rxd4 $11 38. f5 g5 (38... Rc4+ $11 {keeps the balance.} 39. Nc3 Rc5) 39. Nd2 $16 Ra4 (39... Ne5 $16) 40. Kc2 Rh3 (40... Ne5 $16) 41. Nxf3 $18 Rxa5 42. Kd2 (42. Nxg5 Rxg3 43. fxg3 Ne3+ 44. Kd3 Nxf1 45. Ne6+ (45. Rxf1 Rxf5 46. Ne6+ Kf6 $14) 45... Kf6 46. Rxf1 Rxf5 $16) ({Only move:} 42. Kb1 $1 $18) 42... Rb5 (42... Nxf2 $1 $14 43. Rxf2 Rxg3) 43. Nxg5 Rh8 (43... Rxb2+ $2 44. Kc3 Rxg3+ 45. fxg3 $18 (45. Kxb2 Rd3 $18)) 44. Kc1 a5 45. N5e4 a4 46. f3 Ne5 47. f6+ Kg6 48. Rd1 $2 {[%emt 0:03:05] Dodges Nd3+} (48. f4 $18 Nd3+ 49. Kd2) 48... Rd5 $16 49. Rhf1 (49. f4 $16 Ng4 50. Rde1) 49... Nd3+ (49... b5 $14) 50. Kb1 $1 Nf4 51. Rc1 Rh3 $2 (51... Rb5 $16 {was called for.}) 52. Rc2 Nh5 53. Nxh5 h1=Q {[%emt 0:02:25] [#]} 54. Rg2+ $2 {[%emt 0:01:59] [#]} Kf7 (54... Qxg2 $2 {too greedy.} 55. Nf4+ Kf5 56. Nxg2 $18) ({Black should try} 54... Kh6 $1 $17 55. Rxh1 Rxh1+ 56. Ka2 Rdd1 (56... Kxh5 $2 57. f7 $18) (56... Rdxh5 $2 57. Nd6 $18) (56... Rhxh5 57. Rg7 $17)) 55. Rg7+ Kf8 56. Rxh1 Rxh1+ 57. Ka2 Rhxh5 58. Rxb7 $11 {[%emt 0:00:01] KRR-KRN} Rhf5 59. Rb8+ Kf7 60. Rb7+ Kg6 61. Rb6 Rxf3 {[%emt 0:00:51] Threatens to win with ...Rd4.} 62. Rxc6 a3 63. Nc3 1/2-1/2